 Dungeon Crawl Stone Soup version 0.25.0-9-g26727b657a (webtiles) character file.

Game seed: 15995382204663832197

10649 Delamore the Bludgeoner (level 11, 0/60 HPs)
             Began as a Gargoyle Fighter on June 17, 2020.
             Was a High Priest of Okawaru.
             Slain by a hell hound (2 damage)
             ... led by Azrael
             ... on level 2 of the Orcish Mines.
             The game lasted 00:15:59 (13258 turns).

Delamore the Bludgeoner (Gargoyle Fighter)         Turns: 13258, Time: 00:16:00

Health: 0/60       AC: 21    Str: 22    XL:     11   Next: 65%
Magic:  11/11      EV:  9    Int: 10    God:    Okawaru [*****.]
Gold:   145        SH:  9    Dex:  9    Spells: 10/10 levels left

rFire    + + .     SeeInvis +   C - +4 flail (protect)
rCold    . . .     Gourm    .   G - +0 kite shield "Gurchussa" {rElec rF++}
rNeg     + . .     Faith    .   Q - +2 chain mail of Ekusyj {rCorr}
rPois    ∞         Spirit   .   t - +0 helmet
rElec    +         Reflect  .   (no cloak)
rCorr    +         Harm     .   (no gloves)
MR       .....                  x - +0 pair of boots
Stlth    ..........             (no amulet)
HPRegen  0.20/turn              u - ring of see invisible
MPRegen  0.12/turn              N - +4 ring of evasion

@: about to teleport
A: negative energy resistance 1, electricity resistance, unbreathing,
petrification resistance, rot immunity, AC +8
a: Heroism, Finesse, Renounce Religion


You were on level 2 of the Orcish Mines.
You worshipped Okawaru.
Okawaru was extremely pleased with you.
You were not hungry.

You visited 2 branches of the dungeon, and saw 12 of its levels.

You collected 505 gold pieces.
You spent 360 gold pieces at shops.

Inventory:

Hand Weapons
 o - a +3 mace of freezing
 r - a +2 mace of draining
 C - a +4 flail of protection (weapon)
Missiles
 h - 3 throwing nets
 I - 5 javelins (quivered)
Armour
 t - a +0 helmet (worn)
 x - a +0 pair of boots (worn)
 G - the +0 kite shield "Gurchussa" (worn) {rElec rF++}
   (You bought it in a shop on level 6 of the Dungeon)

   It greatly protects you from fire.
   It insulates you from electricity.
 L - a +2 chain mail of fire resistance
 Q - the +2 chain mail of Ekusyj (worn) {rCorr}
   (You bought it in a shop on level 6 of the Dungeon)

   It provides partial protection from all sources of acid and corrosion.
Jewellery
 u - a ring of see invisible (left hand)
 N - a +4 ring of evasion (right hand)
 P - an uncursed ring of resist corrosion
Wands
 a - a wand of digging (2)
 v - a wand of acid (5)
 E - a wand of enslavement (7)
 H - a wand of random effects (12)
 K - a wand of polymorph (5)
 O - a wand of iceblast (6)
Scrolls
 b - a scroll of acquirement {unknown}
 e - 6 scrolls of teleportation
 j - 3 scrolls of remove curse
 m - 2 scrolls of enchant armour
 s - 4 scrolls of amnesia
 y - a scroll of random uselessness {unknown}
 D - a scroll of enchant weapon {unknown}
 J - 2 scrolls of noise {unknown}
 M - 4 scrolls of identify
Potions
 c - a potion of cancellation {unknown}
 d - 3 potions of might
 g - 2 potions of brilliance {unknown}
 k - a potion of mutation {unknown}
 l - 8 potions of curing {unknown}
 n - a potion of invisibility {unknown}
 p - 2 potions of stabbing
 q - 4 potions of lignification {unknown}
 w - 2 potions of degeneration {unknown}
 z - 3 potions of heal wounds {unknown}
 A - 2 potions of flight {unknown}
 B - a potion of haste
 F - 2 potions of magic {unknown}
Comestibles
 f - 14 rations


   Skills:
 - Level 3.2 Fighting
 + Level 16.9 Maces & Flails
 - Level 3.2 Armour
 - Level 3.2 Shields


You had 10 spell levels left.
You didn't know any spells.
Your spell library contained the following spells:

 Spells                   Type           Power        Failure   Level  Hunger
 Corona                   Hex            #......      100%        1    ##.....
 Sting                    Tmut/Pois      #...         100%        1    ##.....
 Summon Small Mammal      Summ           #...         100%        1    ##.....
 Call Imp                 Summ           #.......     100%        2    ###....
 Ensorcelled Hibernation  Hex/Ice        #.....       100%        2    ###....
 Poisonous Vapours        Pois/Air       #.....       100%        2    ###....
 Call Canine Familiar     Summ           #.......     100%        3    ####...
 Confusing Touch          Hex            #.......     100%        3    ####...
 Dazzling Flash           Conj/Hex       #.....       100%        3    ####...
 Gell's Gravitas          Tloc           #.........   100%        3    ####...
 Ignite Poison            Fire/Tmut/Pois #.......     100%        3    ####...
 Mephitic Cloud           Conj/Pois/Air  #.......     100%        3    ####...
 Summon Guardian Golem    Hex/Summ       #.......     100%        3    ####...
 Tukima's Dance           Hex            #.......     100%        3    ####...
 Olgreb's Toxic Radiance  Pois           #.......     100%        4    #####..
 Petrify                  Tmut/Erth      #.......     100%        4    #####..
 Summon Ice Beast         Ice/Summ       #.......     100%        4    #####..
 Summon Lightning Spire   Summ/Air       #.......     100%        4    #####..
 Metabolic Englaciation   Hex/Ice        #.........   100%        5    ######.
 Yara's Violent Unravell  Hex/Tmut       #.........   100%        5    ######.
 Malign Gateway           Summ/Tloc      #.........   100%        7    #######
 Monstrous Menagerie      Summ           #.........   100%        7    #######
 Summon Greater Demon     Summ           #.........   100%        7    #######
 Summon Horrible Things   Summ           #.........   100%        8    #######


Dungeon Overview and Level Annotations

Branches:
Dungeon (10/15)            Temple (0/1) D:6            Lair (0/6) D:9
    Orc (2/2) D:9
    Elf: Orc:2

Altars:
Elyvilon
Hepliaklqana
Kikubaaqudgha
Okawaru
Qazlal
Vehumet
Wu Jian
Xom
Beogh

Shops:
D:6 [   Orc:2 *(

Annotations:
Orc:2 Azrael


Innate Abilities, Weirdness & Mutations

You are resistant to torment.
Your stone body is resilient. (AC +8)
You are immune to poison.
You resist negative energy. (rN+)
You are resistant to electric shocks. (rElec)
You can survive without breathing.
You are immune to petrification.
You are immune to rotting.


Message History

You block the fire elemental's attack.
An orc warlord comes into view. It is wielding a +0 great sword.
The fire elemental hits you. The fire elemental burns you! You resist.
* * * LOW HITPOINT WARNING * * *
Okay, then.
As you read the scroll labeled COVVO ZUBBAQU, it crumbles to dust.
It is a scroll of enchant armour.
Your +1 chain mail of fire resistance glows green for a moment.
You block the hell hound's attack.
The orc sorcerer cowers, then darts away.
The fire elemental hits you. The fire elemental burns you! You resist.
* * * LOW HITPOINT WARNING * * *
The hell hound bites you but does no damage.
The fire elemental hits you. The fire elemental burns you! You resist.
* * * LOW HITPOINT WARNING * * *
As you read the scroll labeled YMINI QUXAM, it crumbles to dust.
You feel strangely unstable.
It was a scroll of teleportation.
The hell hound bites you but does no damage.
The hell hound bites you.
You die...

... ...# ....##
......### ### ........#
##.#### ........##
##...#.##
.........####.......#
..........##.hhh....##
...∩...^...°.hE@.....#
...........°.RE##T.....
....8........○E#.....P.
o...........$....$.....
.....P.P...#o..○.Po.o..
..P.......#..o...oPP ..
..####.##.........T ∩
###.........oo
##.###...°..


You could see an orc warlord, Azrael, a troll, 3 fire elementals, 2 orc
sorcerers and 4 hell hounds.

Vanquished Creatures
  Harold (D:9)
  Erica (D:9)
  An orc high priest (Orc:1)
  Nergalle (D:10)
  An unseen horror (D:5)
  An orc knight (D:9)
  Maurice (D:8)
  Maggie (D:6)
  A centaur skeleton (D:10)
  A komodo dragon (D:9)
  Prince Ribbit (D:7)
  3 hippogriffs
  A steam dragon (D:8)
  Duvessa (D:7)
  7 orc warriors
  An ice beast (D:7)
  A sky beast (D:9)
  A necrophage (D:9)
  3 ogres
  6 centaurs
  A big kobold (D:9)
  5 bullfrogs
  Dowan (D:7)
  4 scorpions
  9 wights (D:9)
  16 killer bees
  2 howler monkeys (D:7)
  A centaur zombie (D:5)
  4 crimson imps
  2 bullfrog zombies
  7 hounds
  3 jellies
  4 orc priests
  14 orc wizards
  A bullfrog skeleton (D:7)
  An iguana (D:7)
  3 worker ants
  A statue (D:4)
  A mummy (D:5)
  A worker ant zombie (D:8)
  Robin (D:3)
  2 howler monkey skeletons
  10 gnolls
  11 adders
  2 shadow imps
  2 oozes
  2 adder zombies (D:5)
  2 adder skeletons
  2 worms
  A dart slug (D:3)
  4 leopard geckos
  62 orcs
  5 giant cockroaches
  11 goblins
  14 hobgoblins
  4 jackals (D:4)
  6 quokkas
  2 ball pythons
  11 bats
  6 frilled lizards
  2 hobgoblin zombies (D:5)
  10 kobolds
  A kobold zombie (D:5)
  A leopard gecko skeleton (D:4)
  An orc zombie (D:5)
  5 rats
  A plant (D:9)
297 creatures vanquished.

Vanquished Creatures (others)
  4 orcs (D:8)
  2 fungi (Orc:2)
  A plant (D:9)
7 creatures vanquished.

Grand Total: 304 creatures vanquished

Notes
Turn   | Place    | Note
-------+----------+-------------------------------------------
     0 | D:1      | Delamore the Gargoyle Fighter began the quest for the Orb.
     0 | D:1      | Reached XP level 1. HP: 14/14 MP: 1/1
    45 | D:1      | You fall into a shaft and drop 1 floor!
   491 | D:1      | Reached XP level 2. HP: 19/19 MP: 2/2
   659 | D:1      | Reached skill level 3 in Maces & Flails
  1115 | D:1      | Reached XP level 3. HP: 11/23 MP: 3/3
  1487 | D:2      | Reached skill level 4 in Maces & Flails
  1716 | D:2      | Reached XP level 4. HP: 28/28 MP: 4/4
  2401 | D:2      | Reached skill level 5 in Maces & Flails
  2401 | D:2      | Reached XP level 5. HP: 30/32 MP: 5/5
  3224 | D:3      | Noticed Robin
  3244 | D:3      | Reached skill level 6 in Maces & Flails
  3251 | D:3      | Killed Robin
  3251 | D:3      | Reached XP level 6. HP: 36/37 MP: 6/6
  3385 | D:3      | Noticed a hippogriff
  3397 | D:3      | Killed a hippogriff
  3397 | D:3      | Reached skill level 7 in Maces & Flails
  3750 | D:4      | Reached XP level 7. HP: 37/41 MP: 7/7
  4393 | D:4      | Reached skill level 8 in Maces & Flails
  4530 | D:4      | Found an ancient bone altar of Kikubaaqudgha.
  4530 | D:4      | Found an ornate altar of the Wu Jian Council.
  4548 | D:4      | Found a radiant altar of Vehumet.
  4780 | D:5      | Entered Level 5 of the Dungeon
  5160 | D:5      | Reached skill level 9 in Maces & Flails
  5160 | D:5      | Reached XP level 8. HP: 41/46 MP: 8/8
  5600 | D:5      | Reached skill level 10 in Maces & Flails
  5832 | D:5      | Found an iron altar of Okawaru.
  5861 | D:5      | Became a worshipper of Warmaster Okawaru
  5881 | D:5      | Noticed an unseen horror
  5909 | D:5      | Killed an unseen horror
  5909 | D:5      | Reached * piety under Okawaru
  5909 | D:5      | Reached skill level 11 in Maces & Flails
  5909 | D:5      | Reached XP level 9. HP: 16/51 MP: 9/9
  6394 | D:6      | Found Teaqoyci's Antique Armour Boutique.
  6402 | D:6      | Bought a heavily runed kite shield for 180 gold pieces
  6412 | D:6      | Identified the +0 kite shield "Gurchussa" {rElec rF++} (You
                  | bought it in a shop on level 6 of the Dungeon)
  6485 | D:6      | Found a staircase to the Ecumenical Temple.
  6636 | D:6      | Found a shimmering altar of Xom.
  6639 | D:6      | Noticed Maggie
  6680 | D:6      | Killed Maggie
  6680 | D:6      | Reached ** piety under Okawaru
  6680 | D:6      | Reached skill level 12 in Maces & Flails
  6916 | D:6      | Found a hazy altar of Hepliaklqana.
  7473 | D:7      | Noticed Prince Ribbit
  7488 | D:7      | Killed Prince Ribbit
  7644 | D:7      | Noticed Dowan
  7645 | D:7      | Noticed Duvessa
  7662 | D:7      | Killed Duvessa
  7662 | D:7      | Reached *** piety under Okawaru
  7662 | D:7      | Reached skill level 13 in Maces & Flails
  7670 | D:7      | Killed Dowan
  7693 | D:7      | Reached XP level 10. HP: 56/56 MP: 10/10
  8508 | D:7      | Found a stormy altar of Qazlal.
  8767 | D:8      | Reached skill level 14 in Maces & Flails
  9075 | D:8      | Found a white marble altar of Elyvilon.
  9182 | D:8      | Noticed Maurice
  9199 | D:8      | Killed Maurice
  9199 | D:8      | Reached **** piety under Okawaru
  9816 | D:9      | Found a roughly hewn altar of Beogh.
  9818 | D:9      | Found a staircase to the Orcish Mines.
 10045 | D:9      | Reached skill level 15 in Maces & Flails
 10090 | D:9      | Noticed Harold
 10118 | D:9      | Killed Harold
 10149 | D:9      | Reached XP level 11. HP: 57/60 MP: 11/11
 10430 | D:9      | Found a staircase to the Lair.
 10702 | D:10     | Entered Level 10 of the Dungeon
 10942 | D:10     | Reached ***** piety under Okawaru
 11318 | D:10     | Reached skill level 16 in Maces & Flails
 11395 | D:10     | Noticed Nergalle
 11416 | D:10     | Killed Nergalle
 12023 | D:6      | Bought a fading chain mail for 180 gold pieces
 12033 | D:6      | Identified the +2 chain mail of Ekusyj {rCorr} (You bought
                  | it in a shop on level 6 of the Dungeon)
 12116 | Orc:1    | Entered Level 1 of the Orcish Mines
 12116 | Orc:1    | Noticed an orc high priest
 12116 | Orc:1    | Noticed an orc knight
 12168 | D:9      | HP: 3/60 [orc warrior/+0 flail[an orc knight] (8)]
 12473 | D:9      | Killed an orc knight
 12506 | Orc:1    | Noticed Erica
 12861 | D:9      | Killed Erica
 13040 | Orc:1    | Noticed a soul eater
 13040 | Orc:1    | Killed an orc high priest
 13242 | Orc:2    | Entered Level 2 of the Orcish Mines
 13242 | Orc:2    | Noticed an orc sorcerer
 13242 | Orc:2    | Noticed Azrael
 13243 | Orc:2    | Found Dac Sabb's General Store.
 13243 | Orc:2    | Noticed an orc sorcerer
 13251 | Orc:2    | Noticed an orc sorcerer
 13251 | Orc:2    | Noticed an orc knight
 13255 | Orc:2    | Found Sucvolim's Antique Weapon Shoppe.
 13256 | Orc:2    | Noticed an orc warlord
 13257 | Orc:2    | HP: 2/60 [fire elemental[Azrael] (2)]
 13258 | Orc:2    | Slain by a hell hound

Illustrated notes

Levels and vault maps discovered:
D:1:      minmay_arrival_three_doors, layout_loops_cross
D:2:      layout_basic
D:3:      layout_loops_cross, uniq_robin
D:4:      layout_cave_pools, gammafunk_temple_overflow_elements, vehumet_statue,
          first_ration
D:5:      kennysheep_big_flooded_room, layout_cave_pools, lemuel_doored_altar,
          minmay_mini_ossuary
D:6:      layout_loops_ring, xom_butterflies, kennysheep_mini, temple_fountains,
          serial_shops, shop, uniq_maggie
D:7:      layout_basic, kennysheep_little_box, uniq_prince_ribbit1, uniq_duvessa
D:8:      layout_cave_pods, elyvilon_altar_3, kennysheep_dice, uniq_maurice
D:9:      layout_roguey, david_lair_shrubbed, david_orc_5, uniq_harold
D:10:     layout_stronghold, uniq_nergalle
Orc:1:    layout_caves, uniq_erica
Orc:2:    grunt_orc_gardens, layout_diamond_mine, grunt_orc_garden,
          grunt_orc_garden, grunt_orc_garden, grunt_orc_garden, uniq_donald,
          uniq_azrael, uniq_saint_roka

Skill      XL: |  1  2  3  4  5  6  7  8  9 10 11 |
---------------+----------------------------------+-----
Maces & Flails | 3 4 5 6 7 9 11 13 15 16 | 16.9
Fighting       | |  3.2
Armour         | |  3.2
Shields        | |  3.2

Action                   |  1- 3 |  4- 6 |  7- 9 | 10-12 || total
-------------------------+-------+-------+-------+-------++-------
Melee: Flail             |   132 |   272 |   480 |   524 ||  1408
Throw: Javelin           |       |     3 |     6 |     1 ||    10
       Throwing net      |       |       |     2 |       ||     2
Invok: Heroism           |       |       |       |     2 ||     2
       Finesse           |       |       |       |     2 ||     2
Evoke: Wand              |       |       |     2 |       ||     2
  Use: Scroll            |       |       |     2 |     9 ||    11
       Potion            |       |       |       |     1 ||     1
  Eat: Chunk             |     1 |     5 |    14 |    14 ||    34
       Ration            |     1 |       |       |     1 ||     2
Armor: Scale mail        |    83 |   177 |    85 |       ||   345
       Chain mail        |       |       |   235 |   373 ||   608
Dodge: Dodged            |    44 |   104 |   128 |   141 ||   417
Block: Kite shield       |    76 |   158 |   237 |   248 ||   719
